 Dungeon Crawl Stone Soup version 0.18.1-50-g88ac8fd (webtiles) character file.

1310 graki42 the Chopper (level 8, 0/103 HPs)
             Began as a Hill Orc Gladiator on Oct 6, 2016.
             Was a Priest of Makhleb.
             Slain by a wyvern zombie (5 damage)
             ... on level 6 of the Dungeon.
             The game lasted 00:22:28 (6455 turns).

graki42 the Chopper (Hill Orc Gladiator)            Turns: 6455, Time: 00:22:28

Health: 0/103      AC: 13    Str: 25    XL:     8   Next: 58%
Magic:  12/12      EV:  6    Int:  8    God:    Makhleb [***...]
Gold:   322        SH:  3    Dex: 11    Spells: 0 memorised, 7 levels left

rFire  . . .     SeeInvis .     x - +0 hand axe
rCold  . . .     Gourm    .     u - +0 plate armour
rNeg   + . .     Faith    .     (no shield)
rPois  .         Spirit   .     c - +1 helmet
rElec  .         Dismiss  .     q - +0 cloak
rCorr  .         Reflect  +     (no gloves)
SustAt .         Harm     .     (no boots)
MR     .....                    h - +3 amulet of reflection
Stlth  ..........               (no ring)
                                y - ring of positive energy

@: berserking, very heavily drained, very quick, not resistant to hostile
enchantments, extremely unstealthy
A: no striking features
a: Minor Destruction, Lesser Servant of Makhleb, Renounce Religion


You were on level 6 of the Dungeon.
You worshipped Makhleb.
Makhleb was most pleased with you.
You were not hungry.

You visited 1 branch of the dungeon, and saw 6 of its levels.
You also visited: Ossuary.

You collected 322 gold pieces.

Inventory:

Hand Weapons
 a - a +0 war axe
 x - a +0 hand axe (weapon)
Missiles
 d - 3 throwing nets (quivered)
Armour
 c - a +1 helmet (worn)
 q - a +0 cloak (worn)
 u - a +0 plate armour (worn)
Jewellery
 h - a +3 amulet of reflection (around neck)
 y - a ring of positive energy (left hand)
Wands
 t - a wand of digging (7/24)
Scrolls
 b - 5 scrolls of remove curse
 m - 2 scrolls of enchant armour
 n - a scroll of random uselessness {unknown}
 r - 3 scrolls of teleportation
 s - 3 scrolls of recharging
 v - a scroll of immolation
 w - 2 scrolls of fog
 B - 2 scrolls of enchant weapon
 C - a scroll of magic mapping
Potions
 e - a potion of haste
 g - a potion of brilliance
 i - 4 potions of cure mutation
 k - a potion of flight {unknown}
 p - a potion of magic
Comestibles
 f - 6 bread rations


   Skills:
 + Level 5.5(0.0) Fighting
 + Level 7.9(0.0) Axes
 + Level 1.8(0.0) Throwing
 + Level 5.4(0.0) Armour
 + Level 3.6(0.0) Dodging
 + Level 0.3(0.0) Stealth
 * Level 5.4(0.0) Invocations


You had 7 spell levels left.
You didn't know any spells.

Dungeon Overview and Level Annotations

Branches:
Dungeon (6/15)             Temple (0/1) D:4

Altars:
Kikubaaqudgha
Makhleb
Pakellas
Zin


Message History

The wyvern zombie bites you but does no damage.
The giant gecko barely misses you.
The black bear growls angrily.
The orc closely misses your smoke demon.
The giant gecko closely misses you.
Your smoke demon hits the wyvern zombie.
Your smoke demon hits the wyvern zombie but does no damage. x2
Drink which item? (? for menu, Esc to quit)
Okay, then.
Drink which item? (? for menu, Esc to quit)
It was a potion of berserk rage.
A red film seems to cover your vision as you go berserk!
You feel yourself moving faster!
You feel mighty!
The wyvern zombie bites you but does no damage.
The giant gecko bites you but does no damage.
Your smoke demon hits the wyvern zombie. x3
Unknown command.
You feel a strong urge to attack something.
The wyvern zombie bites you.
You die...

.....
........##.........#.#.#.#
.....
........#..............#..
.....
..(.....#..###.##...####..
.###.
#..........#...#....###..
.# #.........#...##......
## #...3.................
#..)o....###..........
#..#..lZ†.....<...#......
#......@.....###h.......
#.......................
#.h.............h.#.....
...#
#.##....................
....# #.
#..>#.#.......#.[....
..... ..
..###.........#......
....F # ..#
###.......#)..... .....
#.. #.......#(..... ..>..
#.......##.....


You could see a black bear, an orc, a wyvern zombie, a giant gecko and a
friendly smoke demon.

Vanquished Creatures
  4 giant frogs (D:6)
  A scorpion (D:5)
  2 howler monkeys
  A crimson imp (D:3)
  A centaur zombie (D:4)
  A giant frog zombie (D:5)
  2 hounds
  2 jellies (D:6)
  3 orc wizards
  Jessica (D:2)
  An iguana (D:3)
  5 worker ants
  A hound zombie (D:5)
  12 mummies (Ossuary)
  A hound skeleton (D:6)
  2 worker ant zombies (D:5)
  7 gnolls
  6 adders
  2 shadow imps
  2 oozes
  A worm (D:3)
  A dart slug (D:2)
  3 giant geckos
  13 orcs
  6 bats
  A giant cockroach (D:3)
  8 goblins
  5 hobgoblins
  8 jackals (D:4)
  A quokka (D:2)
  A ball python (D:1)
  4 giant newts
  4 gnoll skeletons (Ossuary)
  6 kobolds
  A kobold skeleton (Ossuary)
  3 orc skeletons (Ossuary)
  A quokka skeleton (D:3)
  A quokka zombie (D:6)
  7 rats
  11 rat skeletons (Ossuary)
143 creatures vanquished.

Vanquished Creatures (collateral kills)
  A mummy (Ossuary)
  An orc (D:6)
2 creatures vanquished.

Grand Total: 145 creatures vanquished

Notes
Turn   | Place    | Note
--------------------------------------------------------------
     0 | D:1      | graki42 the Hill Orc Gladiator began the quest for the Orb.
     0 | D:1      | Reached XP level 1. HP: 18/18 MP: 1/1
   397 | D:1      | Reached XP level 2. HP: 19/25 MP: 2/2
   935 | D:2      | Reached XP level 3. HP: 30/30 MP: 3/3
   981 | D:2      | Found a burning altar of Makhleb.
   987 | D:2      | Reached skill level 5 in Axes
   994 | D:2      | Became a worshipper of Makhleb the Destroyer
  1110 | D:2      | Noticed Jessica
  1116 | D:2      | Killed Jessica
  1116 | D:2      | Reached XP level 4. HP: 38/38 MP: 4/4
  1126 | D:2      | Reached skill level 1 in Armour
  1303 | D:3      | Found an oddly glowing altar of Pakellas.
  1324 | D:3      | Reached XP level 5. HP: 42/45 MP: 5/5
  1476 | D:3      | Reached * piety under Makhleb
  1494 | D:3      | Reached skill level 1 in Invocations
  1665 | D:3      | Reached skill level 6 in Axes
  1745 | D:3      | Reached XP level 6. HP: 47/52 MP: 7/7
  2484 | D:4      | Found a staircase to the Ecumenical Temple.
  2553 | D:4      | Reached ** piety under Makhleb
  2714 | D:4      | Reached XP level 7. HP: 36/60 MP: 9/9
  2950 | D:4      | Found an ancient bone altar of Kikubaaqudgha.
  2972 | D:4      | Got a smoking robe
  2973 | D:4      | Identified the +0 robe "Ahoshrueq" {MR+ Stlth+} (You found it on level 4 of the Dungeon)
  3079 | D:4      | Found a glowing silver altar of Zin.
  3154 | D:5      | Entered Level 5 of the Dungeon
  3287 | D:5      | Reached skill level 7 in Axes
  3494 | D:5      | Found a sand-covered staircase.
  3503 | Ossuary  | Entered an ossuary
  5008 | Ossuary  | Reached *** piety under Makhleb
  5055 | Ossuary  | Reached XP level 8. HP: 46/67 MP: 11/11
  5523 | D:5      | Reached skill level 5 in Fighting
  5825 | D:6      | Reached skill level 5 in Invocations
  6085 | D:6      | Reached skill level 5 in Armour
  6447 | D:6      | HP: 2/69 [wyvern zombie (10)]
  6455 | D:6      | Slain by a wyvern zombie

Skill      XL: |  1  2  3  4  5  6  7  8 |
---------------+-------------------------+-----
Axes           | 5 6 7 |  7.9
Fighting       | 3 4 5 |  5.5
Dodging        | 3 |  3.6
Armour         | 1 2 4 5 |  5.4
Invocations    | 1 3 4 5 |  5.4
Throwing       | |  1.8
Stealth        | |  0.3

Action                   |  1- 3 |  4- 6 |  7- 9 || total
-------------------------+-------+-------+-------++-------
Melee: War axe           |    65 |   110 |       ||   175
       Hand axe          |       |   117 |   617 ||   734
Invok: Lesser Servant of |       |       |     2 ||     2
       Minor Destruction |       |       |     1 ||     1
  Use: Scroll            |       |     5 |    15 ||    20
       Potion            |       |     1 |     7 ||     8
  Eat: Chunk             |       |     6 |     2 ||     8
       Fruit             |       |       |     2 ||     2
       Beef jerky        |       |       |     2 ||     2
       Meat ration       |       |       |     2 ||     2
Armor: Chain mail        |    42 |    11 |       ||    53
       Plate armour      |       |   154 |   433 ||   587
       Skin              |       |       |     1 ||     1
Dodge: Dodged            |    25 |    73 |   172 ||   270
Block: Other             |       |    21 |    66 ||    87
